AoeStats
← Murph0uake

Black Forest

508744079Analyzed
4v4 RM · 8d ago on Sep 23, 2026· 49m 12s· 8 players
Game mode
Random Map
Map size
Large (8 player)
Population
200
Speed
Normal
Resources
Standard
Victory
Conquest
Starting age
Dark Age
Ending age
Imperial Age
RankedLock teamsTeams togetherTeam positionsShared explorationLock speedFull tech treeHidden civsTurbo modeCheats
Victory
Defeat
🇹🇷 Turks · Türkiye
919
+14
🇹🇷 Mongols · Türkiye
917
+14
🇲🇽 Turks · Mexico
848
+16
🇨🇱 Celts · Chile
838
+17
🇦🇷 Slavs · Argentina
876
-16
🇬🇧 Varangians · United Kingdom
871
-16
🇪🇸 Saxons · Spain
853
-15
🇩🇪 Danes · Germany
845
-14
Murph0uake
12:48 Feudal Age
17:20 Castle Age
15:25 Horse Collar
15:33 Double-Bit Axe
23:46 Wheelbarrow
25:37 Hand Cart
26:06 Town Watch
27:48 Caravan
28:56 Forging
28:51 Scale Barding Armor
32:47 Imperial Age
31:35 Bloodlines
31:26 Husbandry
31:54 Heavy Plow
31:39 Treadmill Crane
32:20 Town Patrol
32:46 Bow Saw
33:30 Chain Barding Armor
33:46 Iron Casting
33:04 Cavalier
33:20 Vendel Legacy
35:47 Chemistry
34:59 Fortified Wall
34:37 Light Cavalry
36:57 Blast Furnace
36:33 Plate Barding Armor
36:11 Hussar
38:16 Conscription
43:11 Scale Mail Armor
43:29 Siege Engineers
43:16 Heated Shot
43:50 Ballistics
43:36 Pikeman
44:11 Halberdier
TrueCrime
0:29 Loom
14:14 Feudal Age
15:30 Wheelbarrow
15:05 Double-Bit Axe
15:04 Horse Collar
15:18 Gold Mining
21:18 Castle Age
20:46 Bloodlines
28:33 Stone Mining
31:47 Hand Cart
31:36 Caravan
33:11 Thumb Ring
32:27 Elite Skirmisher
33:58 Bow Saw
34:27 Gold Shaft Mining
33:56 Heavy Plow
35:58 Padded Archer Armor
35:48 Fletching
39:04 Imperial Age
36:36 Bodkin Arrow
36:56 Leather Archer Armor
36:52 Forging
37:13 Ballistics
37:46 Hamask
39:05 Scale Mail Armor
39:41 Iron Casting
40:05 Town Watch
41:34 Chemistry
39:59 Onager
40:00 Heavy Scorpion
41:22 Heavy Mounted Crossbowman
41:59 Cranequins
43:21 Conscription
42:56 Capped Ram
44:15 Elite Varangian Guard
44:40 Arson
44:56 Squires
44:41 Gambesons
46:30 Elite Jomsviking
48:05 Chain Mail Armor
48:50 Blast Furnace
47:55 Bracer
48:26 Ring Archer Armor
50:03 Plate Mail Armor
49:39 Scale Barding Armor
SerMan911
0:47 Loom
16:07 Feudal Age
22:09 Castle Age
20:55 Wheelbarrow
20:22 Stone Mining
20:33 Gold Mining
20:35 Double-Bit Axe
20:44 Horse Collar
21:18 Fletching
21:41 Scale Mail Armor
22:19 Forging
26:57 Bow Saw
28:13 Clerical Recruitment
29:44 Iron Casting
29:24 Chain Mail Armor
29:11 Bodkin Arrow
29:21 Padded Archer Armor
31:44 Hand Cart
32:29 Gold Shaft Mining
32:05 Caravan
31:52 Gambesons
32:11 Squires
36:24 Imperial Age
33:40 Town Watch
36:44 Leather Archer Armor
38:30 Thumb Ring
38:15 Arson
37:58 Elite Varangian Guard
38:40 Elite Hearth Troop
39:42 Conscription
39:23 Man-at-Arms
39:43 Cranequins
39:43 Heavy Mounted Crossbowman
40:02 Elite Skirmisher
40:57 Town Patrol
44:04 Two-Man Saw
44:28 Long Swordsman
JUSTICIA
0:33 Loom
12:43 Feudal Age
18:58 Castle Age
18:10 Horse Collar
21:52 Wheelbarrow
24:57 Double-Bit Axe
29:37 Hand Cart
31:03 Bow Saw
32:04 Heavy Plow
31:53 Man-at-Arms
35:33 Imperial Age
33:06 Light Cavalry
33:57 Bloodlines
33:48 Husbandry
33:47 Murder Holes
35:51 Heavy Scorpion
36:05 Man-at-Arms
37:29 Crop Rotation
37:34 Forging
37:25 Scale Mail Armor
37:30 Scale Barding Armor
37:20 Long Swordsman
38:26 Siege Engineers
38:56 Squires
40:29 Hussar
El Tlatoani
0:26 Loom
12:37 Feudal Age
18:48 Castle Age
16:48 Double-Bit Axe
16:45 Horse Collar
24:05 Bow Saw
26:04 Heavy Plow
27:59 Thumb Ring
31:56 Imperial Age
30:13 Wheelbarrow
30:35 Gold Mining
31:52 Gold Shaft Mining
32:26 Hand Cart
32:19 Caravan
32:52 Coinage
34:25 Conscription
38:36 Heavy Camel Rider
39:24 Husbandry
39:50 Bloodlines
40:18 Artillery
49:49 Two-Man Saw
martinignacio
0:35 Loom
14:51 Feudal Age
21:36 Castle Age
19:36 Double-Bit Axe
20:28 Horse Collar
23:53 Wheelbarrow
26:45 Heavy Plow
27:19 Caravan
28:22 Gold Mining
29:40 Gold Shaft Mining
32:44 Imperial Age
32:33 Bow Saw
32:53 Fortified Wall
33:37 Town Watch
35:06 Ballistics
36:18 Chemistry
36:15 Sappers
40:20 Furor Celtica
42:34 Capped Ram
43:36 Siege Ram
Exec.
1:50 Loom
12:19 Feudal Age
13:10 Double-Bit Axe
13:08 Horse Collar
16:27 Castle Age
17:32 Bow Saw
17:27 Heavy Plow
18:57 Wheelbarrow
23:31 Caravan
26:01 Gold Mining
26:06 Stone Mining
29:55 Hand Cart
32:36 Imperial Age
30:29 Fletching
30:39 Padded Archer Armor
30:46 Scale Barding Armor
31:12 Light Cavalry
32:03 Bloodlines
31:59 Bodkin Arrow
32:14 Forging
32:43 Stone Shaft Mining
32:47 Gold Shaft Mining
32:35 Town Watch
33:18 Chain Barding Armor
33:14 Leather Archer Armor
33:57 Bracer
33:35 Elite Mangudai
34:35 Conscription
35:19 Iron Casting
35:49 Chemistry
35:32 Hoardings
36:49 Drill
37:54 Blast Furnace
36:55 Scale Mail Armor
37:19 Ballistics
37:28 Onager
40:11 Siege Onager
42:37 Chain Mail Armor
44:12 Siege Engineers
Neshandra
0:30 Loom
12:13 Feudal Age
13:46 Wheelbarrow
13:00 Double-Bit Axe
12:59 Horse Collar
21:11 Castle Age
19:17 Gold Mining
19:19 Stone Mining
22:14 Hand Cart
22:19 Bow Saw
23:20 Heavy Plow
25:39 Caravan
32:13 Gold Shaft Mining
32:25 Ballistics
32:17 Fortified Wall
32:03 Murder Holes
35:44 Imperial Age
35:12 Fletching
35:22 Padded Archer Armor
36:01 Bodkin Arrow
36:20 Scale Barding Armor
36:26 Forging
36:34 Husbandry
36:45 Bloodlines
36:01 Elite Janissary
37:09 Conscription
38:19 Two-Man Saw
37:23 Bracer
37:38 Leather Archer Armor
38:22 Chain Barding Armor
39:19 Artillery
40:28 Guilds
42:00 Ring Archer Armor
42:06 Iron Casting
42:06 Plate Barding Armor
41:54 Bombard Tower
45:54 Hoardings
47:10 Blast Furnace
Connection lost

Rejoining the realm…

Still unreachable

The connection could not be restored.

Session expired

The server has moved on; the page needs a fresh start.